[Event "Titled Tuesday Blitz March 14 Late 2023"]
[White "Pino Perez, Lazaro"]
[Black "Sjugirov, Sanan"]
[WhiteFideId "3517055"]
[BlackFideId "4189302"]
[WhiteElo "2170"]
[BlackElo "2569"]
[Result "0-1"]
[Round "02"]
[TimeControl "180+1"]
[Date "2023.03.14"]
[WhiteClock "0:00:03"]
[BlackClock "0:00:07"]

1. d4 Nf6 2. Bf4 g6 3. Nc3 d5 4. e3 Bg7 5. h4 h5 6. Nf3 Bg4 7. Qd2 Bxf3 8. gxf3 c6 9. e4 e6 10. O-O-O Nbd7 11. Rg1 b5 12. exd5 Nxd5 13. Nxd5 cxd5 14. Bxb5 O-O 15. Bh6 Nf6 16. Bd3 Ne8 17. Qf4 Qd6 18. Qg5 Rb8 19. Bxg6 fxg6 20. Qxg6 Rf7 21. Rg5 Qb4 22. b3 Qc3 23. Rdg1 Qa1+ 24. Kd2 Qxd4+ 25. Kc1 Rc8 26. Bxg7 Nxg7 27. Qxe6 Qa1+ 28. Kd2 Qc3+ 29. Ke2 Qxc2+ 30. Kf1 Qc1+ 31. Kg2 Qxg5+ 32. hxg5 Nxe6 0-1


[Site "https://www.chess.com"]

[Event "Titled Tuesday Blitz March 14 Late 2023"]
[White "Quispe Santacruz, Javier"]
[Black "Yeritsyan, Hayk"]
[WhiteFideId "3800920"]
[BlackFideId "13307320"]
[WhiteElo "1875"]
[BlackElo "2448"]
[Result "1-0"]
[Round "02"]
[TimeControl "180+1"]
[Date "2023.03.14"]
[WhiteClock "0:00:06"]
[BlackClock "0:00:30"]

1. d4 d5 2. c4 c6 3. Nf3 Nf6 4. e3 e6 5. Nc3 Bd6 6. Qc2 Nbd7 7. Bd3 Qe7 8. e4 dxc4 9. Bxc4 e5 10. dxe5 Nxe5 11. Nxe5 Bxe5 12. O-O O-O 13. Re1 Bxh2+ 14. Kxh2 Ng4+ 15. Kg3 Qe5+ 16. Bf4 Qc5 17. Bd3 g5 18. Bc7 Qe7 19. Nd5 cxd5 20. exd5 Qf6 21. Bxh7+ Kg7 22. Rh1 Bd7 23. Bg8 Rxg8 24. Rh7+ Kf8 25. Qc5+ Ke8 26. Re1+ Be6 27. Rxe6+ fxe6 28. Qb5+ Kf8 29. Bd6+ Qe7 30. Bxe7# 1-0


[Site "https://www.chess.com"]

[Event "Titled Tuesday Blitz March 14 Late 2023"]
[White "Rangel, Daniel"]
[Black "Larino Nieto, David"]
[WhiteFideId "2124475"]
[BlackFideId "2256444"]
[WhiteElo "2256"]
[BlackElo "2506"]
[Result "0-1"]
[Round "02"]
[TimeControl "180+1"]
[Date "2023.03.14"]
[WhiteClock "0:00:25"]
[BlackClock "0:00:15"]

1. c4 e6 2. g3 h5 3. Bg2 h4 4. Nc3 d6 5. e3 e5 6. Nge2 h3 7. Be4 f5 8. Bc2 Nf6 9. d4 e4 10. Nf4 Kf7 11. O-O g5 12. Nfd5 g4 13. Nxf6 Qxf6 14. Nd5 Qd8 15. Nf4 c6 16. b4 a5 17. b5 Bg7 18. Rb1 Nd7 19. bxc6 bxc6 20. d5 c5 21. Ne6 Qe7 22. Nxg7 Kxg7 23. Bb2+ Ne5 24. Qc1 Kf7 25. Bxe5 Qxe5 26. Qb2 Qxb2 27. Rxb2 Ba6 28. Ba4 Bxc4 29. Rb7+ Kf6 30. Bc6 Bxf1 31. Kxf1 Rab8 32. Rd7 Rhd8 33. Rh7 Rb2 34. a4 Rdb8 35. Rh6+ Kg7 36. Rxd6 Rb1+ 37. Ke2 R8b2# 0-1


[Site "https://www.chess.com"]

[Event "Titled Tuesday Blitz March 14 Late 2023"]
[White "Riff, Vincent"]
[Black "Galchenko, Matvey"]
[WhiteFideId "617776"]
[BlackFideId "24175480"]
[WhiteElo "2369"]
[BlackElo "2404"]
[Result "0-1"]
[Round "02"]
[TimeControl "180+1"]
[Date "2023.03.14"]
[WhiteClock "0:00:40"]
[BlackClock "0:00:52"]

1. e4 e6 2. d4 d5 3. e5 c5 4. c3 Qb6 5. Nf3 Nc6 6. Bd3 cxd4 7. O-O Bd7 8. Re1 Rc8 9. h4 Nge7 10. h5 g6 11. a3 gxh5 12. Ng5 Ng6 13. cxd4 Qxd4 14. Nc3 Ngxe5 15. Re3 Qg4 16. Re2 Rg8 17. Nxd5 exd5 18. f4 Bc5+ 19. Kf1 Rxg5 20. fxg5 Kf8 21. Bxh7 Nd4 22. Be3 Nxe2 23. Qxd5 Ng3+ 24. Kf2 Bxe3+ 25. Kxe3 Qxg5+ 26. Kf2 Ng4+ 0-1


[Site "https://www.chess.com"]

[Event "Titled Tuesday Blitz March 14 Late 2023"]
[White "Rodchenkov, Sergey D."]
[Black "Adury, Anant"]
[WhiteFideId "4168712"]
[BlackFideId "30964687"]
[WhiteElo "2277"]
[BlackElo "2252"]
[Result "1-0"]
[Round "02"]
[TimeControl "180+1"]
[Date "2023.03.14"]
[WhiteClock "0:01:12"]
[BlackClock "0:00:18"]

1. e4 e5 2. Nf3 Nf6 3. d4 d5 4. Nxe5 Nxe4 5. Bd3 Bd6 6. O-O O-O 7. c4 c6 8. Nc3 Nxc3 9. bxc3 Nd7 10. f4 Nf6 11. Qc2 c5 12. Be3 cxd4 13. Bxd4 dxc4 14. Bxc4 Qc7 15. Qb3 Bf5 16. Rae1 Rac8 17. Be2 Ne4 18. Nc4 Bc5 19. Bd3 Nd2 20. Nxd2 Bxd3 21. Rf3 Bf5 22. Qd5 Be6 23. Qg5 Bxd4+ 24. cxd4 Bd5 25. Rg3 g6 26. Qxd5 1-0


[Site "https://www.chess.com"]

[Event "Titled Tuesday Blitz March 14 Late 2023"]
[White "Ronka, Erik"]
[Black "Delorme, Alban"]
[WhiteFideId "505080"]
[BlackFideId "623636"]
[WhiteElo "2264"]
[BlackElo "2196"]
[Result "1-0"]
[Round "02"]
[TimeControl "180+1"]
[Date "2023.03.14"]
[WhiteClock "0:02:14"]
[BlackClock "0:02:28"]

1. e4 c5 2. Nf3 d6 3. Bb5+ Bd7 4. Bxd7+ Nxd7 5. O-O Ngf6 6. Qe2 g6 7. c3 Bg7 8. d4 cxd4 9. cxd4 d5 10. e5 Ne4 11. Nbd2 Nxd2 12. Bxd2 e6 13. Bb4 a5 14. Bd6 Nb6 15. Qb5+ Nd7 16. Rac1 Bf8 17. Bc7 Qe7 18. Qxb7 1-0


[Site "https://www.chess.com"]

[Event "Titled Tuesday Blitz March 14 Late 2023"]
[White "Ruiz Castillo, Joshua Daniel"]
[Black "Caruana, Fabiano"]
[WhiteFideId "4400704"]
[BlackFideId "2020009"]
[WhiteElo "2491"]
[BlackElo "2818"]
[Result "1-0"]
[Round "02"]
[TimeControl "180+1"]
[Date "2023.03.14"]
[WhiteClock "0:00:14"]
[BlackClock "0:00:03"]

1. Nf3 Nc6 2. b3 e5 3. Bb2 e4 4. Nd4 Nf6 5. c4 Nxd4 6. Bxd4 d5 7. cxd5 Qxd5 8. e3 Qf5 9. Qc2 Bd6 10. Nc3 O-O 11. Bxf6 Qxf6 12. Qxe4 Bf5 13. Qxb7 Rab8 14. Qf3 Bb4 15. Rc1 Ba3 16. Rd1 Bc2 17. Qxf6 gxf6 18. Nd5 Bxd1 19. Kxd1 Kg7 20. Bc4 c6 21. Nf4 a5 22. Kc2 f5 23. Ne2 Kf6 24. g3 Rfd8 25. h4 a4 26. d3 axb3+ 27. Bxb3 Rb5 28. Nd4 Rb6 29. Rd1 Ra8 30. Nf3 Ra5 31. Nd2 Rb8 32. Nc4 Ra7 33. Kd2 Be7 34. Ke2 Rd8 35. Kf3 Rad7 36. Ke2 Rb7 37. Rc1 Ra7 38. Rc2 c5 39. Nb2 Rb8 40. Nc4 Rd8 41. Nd2 Bd6 42. Bc4 Rb8 43. Nb3 Rba8 44. Nd2 Rb8 45. Bb3 Re8 46. Nc4 Bc7 47. Nb2 Ra5 48. Na4 Bd6 49. Nb6 Ra6 50. Nd5+ Kg7 51. Nc3 f4 52. gxf4 Bxf4 53. Ne4 Be5 54. Rxc5 Rh6 55. f4 Bb8 56. h5 Kf8 57. Rf5 Re7 58. Kf3 Rc6 59. Ng5 f6 60. Ne4 Kg7 61. Rb5 Ba7 62. Bc4 Rcc7 63. Rd5 Rcd7 64. Rb5 Rc7 65. Rd5 Rb7 66. d4 Red7 67. Ra5 Rdc7 68. Nd6 Rb8 69. Bd3 Kf8 70. Nb5 Rcc8 1-0


[Site "https://www.chess.com"]

[Event "Titled Tuesday Blitz March 14 Late 2023"]
[White "Rustemov, Alexander"]
[Black "Chor, Kevin"]
[WhiteFideId "4119002"]
[BlackFideId "2090740"]
[WhiteElo "2938"]
[BlackElo "2617"]
[Result "1-0"]
[Round "02"]
[TimeControl "180+1"]
[Date "2023.03.14"]
[WhiteClock "0:01:02"]
[BlackClock "0:00:13"]

1. d4 Nf6 2. c4 g6 3. Nf3 Bg7 4. g3 O-O 5. Bg2 d6 6. Nc3 Nc6 7. O-O Bf5 8. Ne1 Qc8 9. e4 Bh3 10. f3 Bxg2 11. Kxg2 e5 12. d5 Nd4 13. Nc2 Nd7 14. Be3 Nxc2 15. Qxc2 f5 16. b4 f4 17. Bf2 fxg3 18. hxg3 Nf6 19. c5 Qd7 20. Rac1 g5 21. Be3 g4 22. Qe2 gxf3+ 23. Rxf3 Ng4 24. Rcf1 h5 25. Bg5 Rxf3 26. Qxf3 a5 27. c6 bxc6 28. dxc6 Qe6 29. b5 Rf8 30. Qe2 Qg6 31. Bh4 Bf6 32. Bxf6 Nxf6 33. Rf5 h4 34. Qf3 Qxg3+ 35. Qxg3+ hxg3 36. a4 Kg7 37. Rf3 Rd8 38. Rxg3+ Kf7 39. Rf3 Ke6 40. Rxf6+ Kxf6 41. Nd5+ Kf7 42. Nxc7 Rg8+ 43. Kf3 Ke7 44. Nd5+ Kd8 45. b6 Kc8 46. Ne7+ 1-0


[Site "https://www.chess.com"]

[Event "Titled Tuesday Blitz March 14 Late 2023"]
[White "Sabar, Ethmane Daouda"]
[Black "Ansh M Shah"]
[WhiteFideId "19600097"]
[BlackFideId "25033379"]
[WhiteElo "1950"]
[BlackElo "2084"]
[Result "1-0"]
[Round "02"]
[TimeControl "180+1"]
[Date "2023.03.14"]
[WhiteClock "0:00:15"]
[BlackClock "0:00:06"]

1. b3 e5 2. Bb2 Nc6 3. e3 Nf6 4. Bb5 Bd6 5. Ne2 a6 6. Bxc6 dxc6 7. O-O O-O 8. d3 Nd5 9. e4 Ne7 10. Ng3 Be6 11. Nd2 Qd7 12. Nc4 Bxc4 13. bxc4 f5 14. exf5 Nxf5 15. Ne4 Nd4 16. Bxd4 exd4 17. Nxd6 Qxd6 18. Rb1 b5 19. a4 bxc4 20. dxc4 Rf4 21. Qh5 Raf8 22. c5 Qf6 23. Qe2 Qf7 24. Rb7 a5 25. g3 Rf5 26. f4 Rxc5 27. Rd1 Rd5 28. Qc4 Qd7 29. Ra7 Kh8 30. Ra6 Rd6 31. Rxa5 Re8 32. Re5 Rxe5 33. fxe5 Rd5 34. Re1 Qe6 35. Qe2 h6 36. Qe4 c5 37. a5 c4 38. a6 Ra5 39. Qa8+ Kh7 40. a7 d3 41. Qe4+ Kg8 42. a8=Q+ Rxa8 43. Qxa8+ Kh7 44. Qe4+ Kh8 45. cxd3 Qb6+ 46. d4 c3 47. e6 c2 48. e7 1-0


[Site "https://www.chess.com"]

[Event "Titled Tuesday Blitz March 14 Late 2023"]
[White "Sakun, Volodymyr"]
[Black "Dubov, Daniil"]
[WhiteFideId "14114062"]
[BlackFideId "24126055"]
[WhiteElo "2331"]
[BlackElo "2802"]
[Result "0-1"]
[Round "02"]
[TimeControl "180+1"]
[Date "2023.03.14"]
[WhiteClock "0:00:06"]
[BlackClock "0:00:11"]

1. d4 d5 2. c4 e6 3. Nf3 Nf6 4. Nc3 c6 5. e3 Nbd7 6. Bd3 dxc4 7. Bxc4 b5 8. Be2 Bb7 9. O-O b4 10. Na4 Be7 11. b3 O-O 12. Bb2 Rc8 13. Rc1 Qa5 14. Ne5 Nxe5 15. dxe5 Nd5 16. Bf3 c5 17. Qc2 Ba6 18. Be2 Bb7 19. Bf3 Ba6 20. Be2 Bxe2 21. Qxe2 Nb6 22. Nxb6 axb6 23. Ba1 b5 24. Rc2 Rc6 25. Rfc1 Rfc8 26. f4 Qa6 27. g4 c4 28. Bd4 Bc5 29. Bxc5 Rxc5 30. Rd1 g6 31. Qf2 Qc6 32. Rd6 Qe4 33. Rd4 Qa8 34. Rcd2 c3 35. Rc2 Rd5 36. Rc1 Rxd4 37. exd4 Qe4 38. Re1 Qd3 39. f5 c2 40. fxe6 fxe6 41. Rc1 Qd1+ 42. Qf1 Qxg4+ 43. Kh1 Qxd4 44. Qe2 Qb2 45. Qe3 Qc3 46. Qxc3 Rxc3 47. Kg2 g5 48. Kf2 Kg7 49. Ke2 Kg6 50. Kd2 h5 51. Rxc2 Rxc2+ 52. Kxc2 Kf5 53. Kd3 Kxe5 54. Ke3 g4 55. Kf2 Kf4 56. Kg2 e5 57. Kf2 e4 0-1


[Site "https://www.chess.com"]

[Event "Titled Tuesday Blitz March 14 Late 2023"]
[White "Sanal, Vahap"]
[Black "Jaskolka, Tomasz"]
[WhiteFideId "6300545"]
[BlackFideId "1170791"]
[WhiteElo "2606"]
[BlackElo "2155"]
[Result "1-0"]
[Round "02"]
[TimeControl "180+1"]
[Date "2023.03.14"]
[WhiteClock "0:00:09"]
[BlackClock "0:00:06"]

1. e4 c5 2. Nc3 e6 3. g3 d5 4. Bg2 Nf6 5. d3 Nc6 6. exd5 exd5 7. Bg5 Be7 8. Nge2 d4 9. Bxf6 Bxf6 10. Ne4 Be7 11. O-O O-O 12. Nf4 Bf5 13. Re1 Re8 14. Qd2 Qd7 15. Nd5 Bh3 16. Nxe7+ Rxe7 17. Nxc5 Qf5 18. Rxe7 Nxe7 19. Bxh3 Qxh3 20. Re1 Nd5 21. Qg5 Nf6 22. Nxb7 h6 23. Qh4 Qxh4 24. gxh4 Rb8 25. Re7 Kf8 26. Rc7 Nd5 27. Rd7 Nb4 28. Nd6 Nxc2 29. Rxf7+ Kg8 30. Rxa7 Rxb2 31. Nf5 Ne1 32. Rxg7+ Kf8 33. Rg6 Kf7 34. Rxh6 Nxd3 35. Nxd4 Nxf2 36. Ra6 Nh3+ 37. Kf1 Rxh2 38. h5 Nf4 39. h6 Ng6 40. Nf5 Rh5 41. Nd6+ Kg8 42. Ra8+ Kh7 43. Ne4 Rf5+ 44. Ke2 Kxh6 45. Ke3 Rb5 46. a4 Rb3+ 47. Kd4 Ne7 48. a5 Nc6+ 49. Kc5 Nxa5 50. Ra6+ Kg7 51. Rxa5 Re3 52. Kd5 Re1 53. Ke5 Kf7 54. Ra6 Re2 55. Kf5 Re1 56. Ra7+ Ke8 57. Nc5 Kd8 58. Nd3 Rf1+ 59. Ke6 Rh1 60. Ne5 Rh6+ 61. Kd5 Kc8 62. Rg7 Kb8 63. Nc4 Kc8 64. Nd6+ Kb8 65. Kc6 Rh1 66. Rg8+ Ka7 67. Nb5+ Ka6 68. Ra8# 1-0


[Site "https://www.chess.com"]

[Event "Titled Tuesday Blitz March 14 Late 2023"]
[White "Sanchez Alvares, Kelvin Antonio"]
[Black "Ardila, Oscar Humberto"]
[WhiteFideId "3906680"]
[BlackFideId "4404742"]
[WhiteElo "2217"]
[BlackElo "1911"]
[Result "1-0"]
[Round "02"]
[TimeControl "180+1"]
[Date "2023.03.14"]
[WhiteClock "0:00:10"]
[BlackClock "0:00:03"]

1. e4 e5 2. Nf3 Nf6 3. Nxe5 d6 4. Nf3 Nxe4 5. Qe2 Qe7 6. d3 Nf6 7. Bg5 Qxe2+ 8. Bxe2 Be7 9. Nc3 Nbd7 10. O-O-O h6 11. Bh4 O-O 12. Rhe1 Re8 13. Nd4 c6 14. Bf3 Ne5 15. Be2 Bd7 16. Bg3 Bf8 17. h3 b5 18. f4 Ng6 19. Bf3 Rxe1 20. Rxe1 Rc8 21. f5 Ne5 22. Bxe5 dxe5 23. Rxe5 Bd6 24. Re1 Bf4+ 25. Kd1 b4 26. Ne4 Nd5 27. g3 Be5 28. Nc5 Bxd4 29. Nxd7 Bxb2 30. Bxd5 cxd5 31. Re7 a5 32. Nb6 Rd8 33. Rd7 Rxd7 34. Nxd7 Bd4 35. Nb8 Bb6 36. Nc6 Kf8 37. Ke2 Ke8 38. Ne5 Bc7 39. d4 f6 40. Ng4 Bxg3 41. Ne3 Kd7 42. Nxd5 Kd6 43. Ne3 Bf4 44. Nc4+ Kd5 45. Kd3 Bc7 46. Ne3+ Kc6 47. Kc4 Bf4 48. Nd5 Bd6 49. Ne3 Bf4 50. Nd1 Bd2 51. Nb2 Kb6 52. d5 Kc7 53. Kb5 Kd6 54. Nc4+ Kxd5 55. Nxd2 Kd4 56. Kxa5 Kc3 57. Ne4+ Kd4 58. Kxb4 Kxe4 59. a4 Kxf5 60. a5 Kg5 61. a6 f5 62. a7 Kh4 63. a8=Q Kxh3 64. Qf3+ Kh4 65. Qf4+ Kh5 66. Qxf5+ g5 67. Kc4 Kh4 68. Kd3 g4 69. Ke2 h5 70. Kf2 g3+ 71. Kg1 g2 72. Qf2+ Kh3 73. Qxg2+ Kh4 74. Qg7 Kh3 75. Kf2 h4 76. Qg2# 1-0


[Site "https://www.chess.com"]

[Event "Titled Tuesday Blitz March 14 Late 2023"]
[White "Sarana, Alexey"]
[Black "Fiorito, Francisco"]
[WhiteFideId "24133795"]
[BlackFideId "180165"]
[WhiteElo "2714"]
[BlackElo "2341"]
[Result "1-0"]
[Round "02"]
[TimeControl "180+1"]
[Date "2023.03.14"]
[WhiteClock "0:01:16"]
[BlackClock "0:00:00"]

1. c4 c5 2. Nf3 g6 3. d4 cxd4 4. Nxd4 Nc6 5. e4 Nf6 6. Nc3 d6 7. Be2 Nxd4 8. Qxd4 Bg7 9. Be3 O-O 10. Qd2 a5 11. O-O a4 12. Rac1 Qa5 13. f3 Be6 14. Rfd1 Rfc8 15. Nb5 Nd7 16. Bd4 Qxd2 17. Rxd2 Ne5 18. Rdc2 Nc6 19. Bxg7 Kxg7 20. a3 b6 21. Kf2 Na5 22. Nd4 Rc5 23. Rc3 Rac8 24. Nxe6+ fxe6 25. Ke3 e5 26. Kd3 Nb3 27. Rf1 Nd4 28. Bd1 Ra5 29. Bc2 Ne6 30. g3 Rb8 31. f4 b5 32. fxe5 dxe5 33. Rb1 Rd8+ 34. Ke3 Nd4 35. Bd3 bxc4 36. Rxc4 Rd7 37. Rb4 Rc7 38. Rf1 h5 39. h4 Raa7 40. Rb6 Ra5 41. Rb8 Rac5 42. Rb4 Ra5 43. Rf2 Ra8 44. Bc4 Rb7 45. Rxb7 1-0


[Site "https://www.chess.com"]

[Event "Titled Tuesday Blitz March 14 Late 2023"]
[White "Sarkar, Justin"]
[Black "Di Berardino, Diego Rafael"]
[WhiteFideId "2010011"]
[BlackFideId "2105446"]
[WhiteElo "2189"]
[BlackElo "2432"]
[Result "0-1"]
[Round "02"]
[TimeControl "180+1"]
[Date "2023.03.14"]
[WhiteClock "0:00:40"]
[BlackClock "0:01:45"]

1. e4 c5 2. Nf3 d6 3. d4 cxd4 4. Nxd4 Nf6 5. Nc3 a6 6. a4 g6 7. Be2 Bg7 8. O-O O-O 9. Be3 Nc6 10. Nb3 Be6 11. f4 Na5 12. Nd4 Bc4 13. b4 Bxe2 14. Qxe2 Rc8 15. bxa5 Rxc3 16. Bd2 Rc8 17. c4 Nd7 18. Bc3 Qc7 0-1


[Site "https://www.chess.com"]

[Event "Titled Tuesday Blitz March 14 Late 2023"]
[White "Sattarov, Bobir"]
[Black "Fiorito, Joaquin"]
[WhiteFideId "14203081"]
[BlackFideId "180173"]
[WhiteElo "2351"]
[BlackElo "2157"]
[Result "1-0"]
[Round "02"]
[TimeControl "180+1"]
[Date "2023.03.14"]
[WhiteClock "0:00:11"]
[BlackClock "0:00:18"]

1. e4 c6 2. c4 d5 3. exd5 cxd5 4. cxd5 Nf6 5. Qa4+ Nbd7 6. Nc3 g6 7. Bc4 Bg7 8. Nf3 O-O 9. d3 a6 10. Qa3 Nb6 11. Qb3 Bf5 12. O-O Rc8 13. Be3 Nxc4 14. dxc4 Bd3 15. Rfd1 Bxc4 16. Qxb7 Rb8 17. Qc6 Rc8 18. Qa4 Nxd5 19. Bd4 Nxc3 20. Bxc3 Qb6 21. Bxg7 Kxg7 22. Rd2 Rfd8 23. Rxd8 Rxd8 24. Qxc4 Qxb2 25. Qc1 Qe2 26. Qc3+ f6 27. h4 Kf7 28. Re1 Qxa2 29. Qc7 Re8 30. Nd4 Qd2 31. Qc4+ Kg7 32. Ne6+ Kh8 33. Ra1 a5 34. Qb5 Rc8 35. Qxa5 Qd6 36. Re1 h6 37. h5 Rg8 38. hxg6 Qd3 39. Nf4 Qc2 40. g3 e5 41. Nd5 Rxg6 42. Qd8+ Kh7 43. Nxf6+ Kg7 44. Qe7+ Kh8 45. Qh7# 1-0


[Site "https://www.chess.com"]

[Event "Titled Tuesday Blitz March 14 Late 2023"]
[White "Saveliev, Alexei"]
[Black "Lazavik, Denis"]
[WhiteFideId "24128546"]
[BlackFideId "13515110"]
[WhiteElo "2271"]
[BlackElo "2560"]
[Result "0-1"]
[Round "02"]
[TimeControl "180+1"]
[Date "2023.03.14"]
[WhiteClock "0:00:02"]
[BlackClock "0:00:50"]

1. c4 Nf6 2. Nc3 e5 3. Nf3 Nc6 4. e3 Bb4 5. Qc2 Bxc3 6. Qxc3 Qe7 7. d4 Ne4 8. Qd3 exd4 9. Nxd4 Nc5 10. Qd1 Nxd4 11. Qxd4 O-O 12. Be2 b6 13. Bf3 Bb7 14. Bxb7 Nxb7 15. O-O a5 16. b3 Nc5 17. Rd1 d6 18. Bb2 f5 19. Qf4 h6 20. Rd5 Ne6 21. Qf3 Qf7 22. Rad1 Rae8 23. h4 Nc5 24. g3 Kh7 25. Kg2 Ne4 26. Qf4 Re6 27. a3 Rg6 28. b4 axb4 29. axb4 Rg4 30. Qf3 Qh5 31. c5 bxc5 32. bxc5 Nxc5 33. Rxc5 dxc5 34. Rd7 Rf7 35. Rd5 Qg6 36. Rxc5 Rxh4 37. Rc6 Qg4 38. Qxg4 Rxg4 39. Be5 Rg6 40. Rc5 c6 41. f4 Re6 42. Kf3 Rd7 43. Ra5 h5 44. Bd4 Kg6 45. Ra8 Rc7 46. Be5 Rb7 47. Rc8 Kf7 48. Rh8 c5 49. Rc8 g5 50. Rxc5 g4+ 51. Ke2 Ra6 52. Bd4 Kg6 53. Rc8 Ra2+ 54. Kd3 Rb3+ 55. Kc4 Rc2+ 56. Kxb3 Rxc8 57. Be5 h4 58. gxh4 g3 59. e4 g2 60. exf5+ Kxf5 61. Bd4 Rd8 0-1


[Site "https://www.chess.com"]

[Event "Titled Tuesday Blitz March 14 Late 2023"]
[White "Senft, Sean"]
[Black "Michalski, Olaf"]
[WhiteFideId "2044960"]
[BlackFideId "1106740"]
[WhiteElo "1989"]
[BlackElo "2173"]
[Result "0-1"]
[Round "02"]
[TimeControl "180+1"]
[Date "2023.03.14"]
[WhiteClock "0:01:27"]
[BlackClock "0:00:05"]

1. e4 c5 2. Nc3 a6 3. f4 b5 4. Nf3 Bb7 5. d3 e6 6. g3 g6 7. Bg2 Bg7 8. O-O Ne7 9. Qe1 d6 10. Be3 Nbc6 11. Rd1 Nd4 12. Bxd4 cxd4 13. Ne2 e5 14. g4 h5 15. g5 Qc7 16. c3 dxc3 17. bxc3 O-O 18. Nh4 exf4 19. Rxf4 d5 20. Nd4 Qxf4 21. Bf1 dxe4 22. Ng2 Qxg5 23. dxe4 Rad8 24. Nf3 Qc5+ 25. Kh1 Rxd1 26. Qxd1 Bxe4 27. Qe2 Bxf3 28. Qxf3 Qxc3 29. Qe2 Nf5 30. a4 Rc8 31. axb5 axb5 32. Qxb5 Qc1 33. Qe2 h4 34. Kg1 Rc2 35. Qd3 Bd4+ 36. Kh1 Rd2 37. Qa6 Ne3 38. Nxe3 Bxe3 39. Qc8+ Qxc8 40. Bg2 Qg4 41. Bf1 Qf3+ 42. Bg2 Qxg2# 0-1


[Site "https://www.chess.com"]

[Event "Titled Tuesday Blitz March 14 Late 2023"]
[White "Simonovic, Miroslav"]
[Black "Quinones Garcia, Santiago"]
[WhiteFideId "919152"]
[BlackFideId "4408497"]
[WhiteElo "2042"]
[BlackElo "2263"]
[Result "0-1"]
[Round "02"]
[TimeControl "180+1"]
[Date "2023.03.14"]
[WhiteClock "0:00:17"]
[BlackClock "0:00:41"]

1. d4 Nf6 2. Bg5 Ne4 3. Bf4 d5 4. e3 g6 5. Bd3 Nf6 6. h4 Bg7 7. Be5 Nc6 8. Nf3 Nxe5 9. dxe5 Ng4 10. h5 Nxe5 11. Nxe5 Bxe5 12. c3 Be6 13. Qc2 Qd7 14. Nd2 O-O-O 15. Nf3 Bf6 16. O-O-O Bg4 17. hxg6 hxg6 18. Be2 c6 19. Qa4 Kb8 20. Qb3 Qc7 21. a4 e5 22. Rxh8 Rxh8 23. Re1 Be6 24. Qc2 Bf5 25. Qb3 g5 26. g3 g4 27. Nd2 Rh2 28. Rf1 Be6 29. Qd1 Qd7 30. Nb3 b6 31. a5 Bg5 32. axb6 axb6 33. Kb1 Bf5+ 34. Bd3 Kb7 35. Qc2 e4 36. Be2 Be6 37. Nd4 Qd6 38. Nxe6 Qxe6 39. Qd1 f5 40. Qa4 b5 41. Qa5 Bxe3 42. Bxb5 Rxf2 43. Qa6+ Kc7 44. Rh1 Bh6 45. Qa7+ Kd6 46. Bxc6 Kxc6 47. Qa6+ Kd7 48. Qa7+ Kd6 49. Qxf2 e3 50. Qe2 Qe4+ 51. Kc1 Qxh1+ 52. Kc2 Qe4+ 53. Kd1 Qb1# 0-1


[Site "https://www.chess.com"]

[Event "Titled Tuesday Blitz March 14 Late 2023"]
[White "Skvortsov, Andrei"]
[Black "Wu, Sibo"]
[WhiteFideId "24108600"]
[BlackFideId "8606048"]
[WhiteElo "2259"]
[BlackElo "2429"]
[Result "1-0"]
[Round "02"]
[TimeControl "180+1"]
[Date "2023.03.14"]
[WhiteClock "0:00:28"]
[BlackClock "0:00:16"]

1. Nf3 d5 2. e3 Nf6 3. c4 c6 4. Nc3 a6 5. c5 e5 6. Nxe5 Bxc5 7. d4 Bd6 8. f4 O-O 9. Bd3 c5 10. Ne2 Nc6 11. O-O Re8 12. Ng3 Qb6 13. Nxc6 bxc6 14. Be2 cxd4 15. exd4 Ne4 16. Bf3 Nxg3 17. hxg3 Bf5 18. g4 Be4 19. b3 Bxf3 20. gxf3 c5 21. Kg2 cxd4 22. Qd3 Qb5 23. Qxd4 Re2+ 24. Kh3 Bc5 25. Qxd5 Rae8 26. Qc4 Qb6 27. f5 Qd6 28. Bf4 Qb6 29. Rac1 Be3 30. Qxe2 1-0


[Site "https://www.chess.com"]

[Event "Titled Tuesday Blitz March 14 Late 2023"]
[White "Skytte, Rasmus"]
[Black "Aldokhin, Ivan"]
[WhiteFideId "1404210"]
[BlackFideId "24115720"]
[WhiteElo "2418"]
[BlackElo "2322"]
[Result "1-0"]
[Round "02"]
[TimeControl "180+1"]
[Date "2023.03.14"]
[WhiteClock "0:00:21"]
[BlackClock "0:00:03"]

1. e4 c5 2. c3 d5 3. exd5 Qxd5 4. d4 Nf6 5. Nf3 e6 6. Bd3 cxd4 7. cxd4 Nc6 8. O-O Be7 9. Nc3 Qd6 10. Bg5 O-O 11. Rc1 Rd8 12. Nb5 Qd7 13. Ne5 Nxe5 14. Rc7 Nxd3 15. Rxd7 Bxd7 16. Qxd3 Bc6 17. Nc3 Nd5 18. Bxe7 Nxe7 19. Rd1 Nf5 20. Qc4 Rac8 21. Qb4 Rd7 22. f3 Rcd8 23. Ne2 e5 24. Qa5 Nxd4 25. Nxd4 exd4 26. Qxa7 d3 27. Rd2 h5 28. Kf2 g6 29. Qb6 Rd5 30. b3 Re8 31. h4 Bb5 32. Qa5 Ree5 33. Qc3 Re2+ 34. Kg3 Rxd2 35. Qxd2 Bc6 36. a4 Kf8 37. Kf2 Ke7 38. Ke1 Ke6 39. Kd1 Re5 40. Qf4 Rd5 41. Kd2 Ke7 42. Qe3+ Kd7 43. Qa7 Ke6 44. b4 Rd7 45. b5 Bd5 46. Kxd3 Bxf3+ 47. Kc3 Bxg2 48. Qe3+ Kd5 49. Qd2+ Ke6 50. Qxg2 Rc7+ 51. Kb4 Rd7 52. Qe2+ Kd6 53. Qd3+ Ke6 54. Qc4+ Kd6 55. Qc3 f5 56. a5 f4 57. Qc5+ Ke6 58. Qc4+ Kf5 59. a6 bxa6 60. bxa6 Kg4 61. Qe6+ Kg3 62. Qxd7 f3 63. Qf7 f2 64. Qxg6+ Kh2 65. Qf6 Kg3 66. a7 Kh2 67. Qxf2+ Kh1 68. Qf5 Kh2 69. Qxh5 Kh1 70. Qc5 1-0


[Site "https://www.chess.com"]

[Event "Titled Tuesday Blitz March 14 Late 2023"]
[White "Smith, Garrett L"]
[Black "Rostomyan, Mikayel"]
[WhiteFideId "2024829"]
[BlackFideId "13313754"]
[WhiteElo "2294"]
[BlackElo "2009"]
[Result "0-1"]
[Round "02"]
[TimeControl "180+1"]
[Date "2023.03.14"]
[WhiteClock "0:00:16"]
[BlackClock "0:00:16"]

1. e4 c5 2. a3 Nf6 3. e5 Nd5 4. Bc4 Nb6 5. Ba2 e6 6. Nf3 Nc6 7. O-O d5 8. exd6 Bxd6 9. Nc3 O-O 10. Ne4 Be7 11. d3 Nd5 12. Re1 b6 13. c3 Bb7 14. Qc2 Nf6 15. Bf4 Qd7 16. Rad1 Rad8 17. b4 cxb4 18. axb4 Nxe4 19. dxe4 Qc8 20. Qb2 Rxd1 21. Rxd1 Rd8 22. Rxd8+ Nxd8 23. Bb1 Nc6 24. b5 Na5 25. Nd4 Qc5 26. e5 Qd5 27. f3 Qc4 28. Qc2 g6 29. Ba2 Qc7 30. h3 Bc5 31. Qd3 Qd7 32. Be3 Bd5 33. Bxd5 Qxd5 34. f4 h5 35. Kh2 Nc4 36. Bf2 Bxd4 37. Bxd4 Qxb5 38. Qg3 Qd5 39. Qh4 a5 40. Qe7 a4 41. Qb4 a3 42. Bxb6 a2 0-1


[Site "https://www.chess.com"]

[Event "Titled Tuesday Blitz March 14 Late 2023"]
[White "Sochacki, Christophe"]
[Black "Makhnev, Denis"]
[WhiteFideId "662569"]
[BlackFideId "13707647"]
[WhiteElo "2474"]
[BlackElo "2525"]
[Result "0-1"]
[Round "02"]
[TimeControl "180+1"]
[Date "2023.03.14"]
[WhiteClock "0:00:03"]
[BlackClock "0:00:36"]

1. b3 e5 2. Bb2 Nc6 3. e3 Nf6 4. Bb5 Bd6 5. Na3 Na5 6. Be2 e4 7. Nb5 Be7 8. d3 exd3 9. Bxd3 O-O 10. Nf3 Nc6 11. O-O d6 12. h3 a6 13. Nbd4 Ne5 14. Nf5 Nxd3 15. Qxd3 Bxf5 16. Qxf5 Re8 17. c4 Nd7 18. Rad1 g6 19. Qf4 Bf6 20. Bd4 Qe7 21. Rfe1 a5 22. Bxf6 Qxf6 23. Qxf6 Nxf6 24. Nd4 h5 25. Nb5 Re7 26. Rd4 Ne4 27. Red1 Nc5 28. Kf1 Kg7 29. Ke2 f6 30. Nc3 Rh8 31. Nd5 Rf7 32. Rb1 h4 33. a3 f5 34. b4 axb4 35. axb4 Ne6 36. Rd2 Ra8 37. Rbb2 Ra1 38. Ra2 Rg1 39. Ra7 b6 40. Kf3 Ng5+ 41. Ke2 Ne4 42. Rc2 Rxg2 43. Nxc7 Rxf2+ 44. Kd3 Rxc2 45. Kxc2 Kh6 46. Nb5 Rxa7 47. Nxa7 g5 48. Nc6 g4 49. Nd4 gxh3 50. Nf3 Kh5 51. Kd3 Kg4 52. Ke2 Kg3 53. Nd4 h2 0-1


[Site "https://www.chess.com"]